 Dungeon Sprint DCSS version 0.17-a0-1667-g4ca74a1 (webtiles) character file.

19558 Kidiri the Unseen (level 12, 0/51 HPs)
             Began as a Spriggan Enchanter on Aug 17, 2015.
             Was the Champion of Dithmenos.
             Slain by a fire giant
             ... wielding a +0 great sword of flaming
              (2 damage)
             ... in the Dungeon (Sprint VII: "The Pits").
             The game lasted 00:23:59 (3184 turns).

Kidiri the Unseen (Spriggan Enchanter)              Turns: 3184, Time: 00:23:59

Health: 0/51       AC: 12    Str:  4    XL:     12   Next: 37%
Magic:  5/33       EV: 38    Int: 19    God:    Dithmenos [******]
Gold:   22         SH:  0    Dex: 19    Spells: 5 memorised, 32 levels left

rFire  . . .     SeeInvis +     a - +3 rapier (drain)
rCold  . . .     Clarity  .     b - +2 robe
rNeg   . . .     SustAt   .     (shield restricted)
rPois  .         Gourm    .     r - +2 hat {MR+}
rElec  .         Spirit   .     s - +2 cloak
rCorr  .         Warding  .     (gloves unavailable)
rMut   .         NoTele   +     (boots unavailable)
MR     +++..                    (no amulet)
Stlth  ++++++++++               p - +3 ring of evasion
                                c - +3 ring of protection

@: wreathed by umbra, very quick, extremely resistant to hostile enchantments,
uncannily stealthy
A: unfitting armour, see invisible, herbivore 3, speed 3, slow metabolism 2
a: Shadow Step, Shadow Form, Renounce Religion


You were in the Dungeon.
You worshipped Dithmenos.
Dithmenos was exalted by your worship.
You were full.

You visited 1 branch You collected 22 gold pieces.

Inventory:

Hand weapons
 a - a +3 rapier of draining (weapon)
Armour
 b - a +2 robe (worn)
 r - a +2 hat of magic resistance (worn)
 s - a +2 cloak (worn)
Jewellery
 c - a +3 ring of protection (left hand)
 p - a +3 ring of evasion (right hand)
 C - an uncursed ring of protection from magic
Scrolls
 j - 3 scrolls of blinking
 m - 4 scrolls of remove curse
 n - 5 scrolls of amnesia
 o - a scroll of summoning
 w - a scroll of identify
 x - a scroll of fear
 y - 3 scrolls of recharging
 A - a scroll of fog
Potions
 e - 11 potions of curing
 f - 12 potions of heal wounds
 g - 5 potions of haste
 h - 2 potions of magic
 i - 4 potions of berserk rage
 l - 2 potions of invisibility
 q - a potion of cure mutation
 t - a potion of resistance
 u - a potion of brilliance
 v - a potion of agility
 B - a potion of might
Comestibles
 d - 7 bread rations
 k - 40 fruits


   Skills:
 + Level 11.3 Short Blades
 * Level 19.3 Dodging
 * Level 20.7 Stealth
 * Level 16.7 Spellcasting
 + Level 7.9 Conjurations
 + Level 12.8 Hexes
 + Level 8.9 Ice Magic
 - Level 2.6 Invocations


You had 32 spell levels left.
You knew the following spells:

 Your Spells              Type           Power        Failure   Level  Hunger
a - Corona                Hex            ######.      1%          1    None
b - Ensorcelled Hibernat  Hex/Ice        ######       1%          2    None
c - Confuse               Hex            ######..     1%          3    None
d - Tukima's Dance        Hex            ######..     1%          3    None
e - Dazzling Spray        Conj/Hex       ######..     1%          3    None


Dungeon Overview and Level Annotations

Branches:
Dungeon (1/1)

Altars:
Ashenzari
Cheibriados
Dithmenos
Elyvilon
Fedhas
Gozag
Kikubaaqudgha
Makhleb
Nemelex Xobeh
Okawaru
Qazlal
Ru
Sif Muna
Trog
Vehumet
Xom
Yredelemnul
Zin
The Shining One
Beogh
Jiyva
Lugonu


Innate Abilities, Weirdness & Mutations

You are tiny and cannot use many weapons and most armour.
You have supernaturally acute eyesight.
You are a herbivore.
You cover ground extremely quickly.
You need consume almost no food.


Message History

Unknown command.
Unknown command.
Casting: Tukima's Dance
Confirm with . or Enter, or press ? or * to list all spells.
Aiming: Confuse
Press: ? - help, Shift-Dir - straight line, f/p - fire giant
Aim: a fire giant, wielding a great sword of flaming (black smoke, lightly wounded, umbra, chance to defeat MR: 26%)
The fire giant easily resists.
You hear a trumpeting!
The fire giant hits you with a great sword of flaming!
The fire giant burns you.
* * * LOW HITPOINT WARNING * * *
Unknown command.
Drink which item? (? for menu, Esc to quit)
You feel much better.
The fire giant hits you with a great sword of flaming!!
Ouch! That really hurt!
* * * LOW HITPOINT WARNING * * *
You emit a cloud of dark smoke.
The fire giant burns you.
You die...

#........ +..#....#
+..........# #..........#
####################..#....#..#
.................§§§..........#
................)§'§..........#
################§§##..#....#..#
# #W#@§##..........+ #
#C§§##..........+ #
#E#§§####++####++# # #h##..#
#++### # #.# #..# #.....
################..# #.....
.................%# #..###
..................# #..#
#######++########## #..#


You could see a fire giant, a fire elemental and a wolf.

Vanquished Creatures
  Gastronok (D)
  A storm dragon (D)
  A greater naga (D)
  A vampire knight (D)
  A minotaur (D)
  A great orb of eyes (D)
  Harold (D)
  A death yak (D)
  A vampire mage (D)
  A merfolk aquamancer (D)
  A shadow wraith (D)
  An unseen horror (D)
  A deep troll (D)
  A flayed ghost (D)
  A deep elf summoner (D)
  A hill giant (D)
  A hornet (D)
  An orc knight (D)
  A gargoyle (D)
  A black mamba (D)
  2 spiny frogs (D)
  A kobold demonologist (D)
  A fire drake (D)
  A yaktaur (D)
  A polar bear (D)
  A wandering mushroom (D)
  2 merfolk (D)
  A jumping spider (D)
  A troll (D)
  A giant leech (D)
  A snapping turtle (D)
  2 bog bodies (D)
  2 tarantellas (D)
  A trapdoor spider (D)
  5 yaks (D)
  A basilisk (D)
  A water elemental (D)
  A fire bat (D)
  2 vampire mosquitoes (D)
  5 wolves (D)
  A fire elemental (D)
  A warg (D)
  2 mottled dragons (D)
  An orc warrior (D)
  A wasp (D)
  2 sky beasts (D)
  A necrophage (D)
  A centaur (D)
  A big kobold (D)
  A brain worm (D)
  A scorpion (D)
  A hound (D)
  A crimson imp (D)
  An iron imp (D)
  Crazy Yiuf (D)
  Terence (D)
  4 sheep (D)
  A mummy (D)
  2 gnolls (D)
  An ufetubus (D)
  An ooze (D)
  2 adder simulacra (D)
  3 orcs (D)
  3 ball pythons (D)
  A bat (D)
  A giant cockroach (D)
  A goblin (D)
  A hobgoblin (D)
  10 jackals (D)
  3 kobolds (D)
  A bat simulacrum (D)
  A quokka (D)
  A rat (D)
108 creatures vanquished.

Vanquished Creatures (others)
  A wandering mushroom (D)
1 creature vanquished.

Grand Total: 109 creatures vanquished

Notes
Turn   | Place    | Note
--------------------------------------------------------------
     0 | D        | Kidiri the Spriggan Enchanter began the quest for the Orb.
     0 | D        | Reached XP level 1. HP: 9/9 MP: 5/5
    64 | D        | Found a sacrificial altar of Ru.
    64 | D        | Found a basalt altar of Yredelemnul.
    64 | D        | Found a shadowy altar of Dithmenos.
    64 | D        | Found a deep blue altar of Sif Muna.
    64 | D        | Found a burning altar of Makhleb.
    64 | D        | Found a shimmering altar of Xom.
    64 | D        | Found an ancient bone altar of Kikubaaqudgha.
    64 | D        | Found a sparkling altar of Nemelex Xobeh.
    65 | D        | Found a glowing golden altar of the Shining One.
    65 | D        | Found a bloodstained altar of Trog.
    65 | D        | Found a shattered altar of Ashenzari.
    65 | D        | Found a white marble altar of Elyvilon.
    65 | D        | Found a snail-covered altar of Cheibriados.
    65 | D        | Found a blossoming altar of Fedhas.
    65 | D        | Found a radiant altar of Vehumet.
    65 | D        | Found a glowing silver altar of Zin.
    65 | D        | Found a corrupted altar of Lugonu.
    65 | D        | Found a viscous altar of Jiyva.
    65 | D        | Found a roughly hewn altar of Beogh.
    65 | D        | Found an iron altar of Okawaru.
    68 | D        | Became a worshipper of Dithmenos the Shadowed
    72 | D        | Found a stormy altar of Qazlal.
    72 | D        | Found an opulent altar of Gozag.
    92 | D        | Reached skill level 5 in Stealth
   100 | D        | Reached skill level 1 in Invocations
   100 | D        | Reached XP level 2. HP: 13/13 MP: 5/7
   266 | D        | Learned a level 2 spell: Ensorcelled Hibernation
   267 | D        | Noticed a scorpion
   270 | D        | Acquired Dithmenos's first power
   326 | D        | Killed a scorpion
   326 | D        | Reached skill level 5 in Dodging
   326 | D        | Reached skill level 6 in Stealth
   326 | D        | Reached skill level 5 in Spellcasting
   326 | D        | Reached skill level 1 in Ice Magic
   326 | D        | Reached XP level 3. HP: 16/16 MP: 6/10
   413 | D        | Learned a level 3 spell: Confuse
   417 | D        | Learned a level 3 spell: Tukima's Dance
   421 | D        | Learned a level 3 spell: Dazzling Spray
   422 | D        | Noticed a hound
   443 | D        | Noticed an iron imp
   447 | D        | Acquired Dithmenos's second power
   451 | D        | Noticed a warg
   487 | D        | Killed an iron imp
   487 | D        | Reached skill level 7 in Stealth
   487 | D        | Reached XP level 4. HP: 21/21 MP: 1/12
   591 | D        | Killed a hound
   591 | D        | Reached skill level 1 in Conjurations
   591 | D        | Reached skill level 5 in Hexes
   594 | D        | Acquired Dithmenos's third power
   594 | D        | Reached XP level 5. HP: 24/24 MP: 6/14
   795 | D        | Killed a warg
   795 | D        | Reached skill level 8 in Dodging
   795 | D        | Reached skill level 9 in Stealth
   874 | D        | Reached XP level 6. HP: 28/28 MP: 17/17
   876 | D        | Noticed a brain worm
   878 | D        | Killed a brain worm
   878 | D        | Reached skill level 10 in Stealth
   881 | D        | Noticed a fire bat
   881 | D        | Noticed a crimson imp
   885 | D        | Killed a crimson imp
   887 | D        | Killed a fire bat
   887 | D        | Acquired Dithmenos's fourth power
   887 | D        | Reached skill level 5 in Short Blades
   887 | D        | Reached skill level 10 in Dodging
   900 | D        | Noticed a basilisk
   900 | D        | Noticed a hill giant
   902 | D        | Killed a hill giant
   902 | D        | Reached skill level 11 in Dodging
   902 | D        | Reached skill level 12 in Stealth
   902 | D        | Reached XP level 7. HP: 32/32 MP: 15/21
   904 | D        | Killed a basilisk
   904 | D        | Reached XP level 8. HP: 36/36 MP: 15/22
  1028 | D        | Noticed a spiny frog
  1028 | D        | Noticed Terence
  1028 | D        | Noticed a deep elf summoner
  1031 | D        | Killed Terence
  1031 | D        | Reached skill level 10 in Spellcasting
  1032 | D        | Killed a spiny frog
  1032 | D        | Reached skill level 13 in Stealth
  1034 | D        | Killed a deep elf summoner
  1034 | D        | Reached skill level 5 in Ice Magic
  1173 | D        | Noticed a tarantella
  1173 | D        | Noticed a trapdoor spider
  1174 | D        | Noticed a gargoyle
  1175 | D        | Noticed a death yak
  1175 | D        | Killed a tarantella
  1175 | D        | Reached skill level 14 in Stealth
  1175 | D        | Reached XP level 9. HP: 39/39 MP: 22/25
  1182 | D        | Killed a trapdoor spider
  1187 | D        | Killed a death yak
  1200 | D        | Killed a gargoyle
  1200 | D        | Reached skill level 15 in Stealth
  1200 | D        | Reached skill level 5 in Conjurations
  1284 | D        | Noticed a kobold demonologist
  1286 | D        | Noticed a tarantella
  1287 | D        | Killed a kobold demonologist
  1302 | D        | Killed a tarantella
  1458 | D        | Noticed a sky beast
  1460 | D        | Killed a sky beast
  1480 | D        | Noticed a deep troll
  1480 | D        | Noticed a giant leech
  1481 | D        | Noticed a minotaur
  1482 | D        | Killed a deep troll
  1482 | D        | Reached XP level 10. HP: 44/44 MP: 22/27
  1484 | D        | Killed a minotaur
  1484 | D        | Reached skill level 15 in Dodging
  1484 | D        | Reached skill level 16 in Stealth
  1484 | D        | Reached skill level 10 in Hexes
  1490 | D        | Killed a giant leech
  1568 | D        | Noticed a bog body
  1568 | D        | Noticed an orc knight
  1568 | D        | Noticed a troll
  1568 | D        | Noticed an orc warrior
  1570 | D        | Killed an orc warrior
  1571 | D        | Killed a troll
  1576 | D        | Killed an orc knight
  1582 | D        | Killed a bog body
  1663 | D        | Noticed a fire drake
  1664 | D        | Noticed a mottled dragon
  1664 | D        | Noticed a sky beast
  1664 | D        | Noticed a shadow wraith
  1664 | D        | Noticed a necrophage
  1665 | D        | Killed a fire drake
  1665 | D        | Reached skill level 17 in Stealth
  1667 | D        | Killed a mottled dragon
  1668 | D        | Killed a sky beast
  1670 | D        | Killed a shadow wraith
  1680 | D        | Killed a necrophage
  1738 | D        | Noticed a wasp
  1738 | D        | Noticed Crazy Yiuf
  1738 | D        | Noticed a fire elemental
  1738 | D        | Noticed a water elemental
  1738 | D        | Noticed a merfolk
  1738 | D        | Noticed a big kobold
  1738 | D        | Noticed a vampire mosquito
  1738 | D        | Noticed a black mamba
  1740 | D        | Noticed Harold
  1740 | D        | Noticed a vampire mosquito
  1740 | D        | Killed a vampire mosquito
  1741 | D        | Noticed a spiny frog
  1741 | D        | Noticed a merfolk aquamancer
  1741 | D        | Killed a vampire mosquito
  1741 | D        | Killed Crazy Yiuf
  1742 | D        | Noticed a merfolk
  1742 | D        | Noticed an unseen horror
  1742 | D        | Killed a fire elemental
  1743 | D        | Noticed a centaur
  1803 | D        | Killed an unseen horror
  1803 | D        | Reached XP level 11. HP: 22/47 MP: 9/30
  1808 | D        | Killed Harold
  1885 | D        | Killed a big kobold
  1885 | D        | Reached skill level 18 in Stealth
  1975 | D        | Killed a wasp
  1979 | D        | Killed a merfolk
  1982 | D        | Killed a water elemental
  1986 | D        | Killed a black mamba
  2095 | D        | Killed a spiny frog
  2098 | D        | Killed a merfolk aquamancer
  2098 | D        | Reached skill level 10 in Short Blades
  2102 | D        | Killed a merfolk
  2107 | D        | Killed a centaur
  2505 | D        | Noticed Gastronok
  2508 | D        | Noticed a yak
  2508 | D        | Noticed a yak
  2509 | D        | Killed Gastronok
  2509 | D        | Reached skill level 19 in Stealth
  2509 | D        | Reached skill level 15 in Spellcasting
  2510 | D        | Noticed a yak
  2512 | D        | Noticed a yak
  2516 | D        | Killed a yak
  2520 | D        | Killed a yak
  2522 | D        | Killed a yak
  2525 | D        | Killed a yak
  2528 | D        | Noticed a greater naga
  2580 | D        | Noticed a yak
  2587 | D        | Killed a yak
  2648 | D        | Noticed a jumping spider
  2651 | D        | Killed a jumping spider
  2672 | D        | Noticed a yaktaur
  2675 | D        | Killed a yaktaur
  2683 | D        | Noticed a wandering mushroom
  2685 | D        | Noticed a flayed ghost
  2686 | D        | Killed a wandering mushroom
  2689 | D        | Killed a flayed ghost
  2690 | D        | Noticed a polar bear
  2701 | D        | Killed a polar bear
  2702 | D        | Noticed a vampire mage
  2706 | D        | Killed a greater naga
  2706 | D        | Reached skill level 20 in Stealth
  2706 | D        | Reached XP level 12. HP: 51/51 MP: 4/33
  2736 | D        | Killed a vampire mage
  2744 | D        | Noticed a bog body
  2746 | D        | Killed a bog body
  3003 | D        | Noticed a snapping turtle
  3004 | D        | Noticed a wolf
  3005 | D        | Killed a snapping turtle
  3006 | D        | Noticed a wolf
  3007 | D        | Noticed a hornet
  3010 | D        | Killed a wolf
  3011 | D        | Noticed a wolf
  3012 | D        | Killed a wolf
  3014 | D        | Noticed a wolf
  3014 | D        | Killed a hornet
  3017 | D        | Noticed a wolf
  3022 | D        | Killed a wolf
  3025 | D        | Noticed a vampire knight
  3026 | D        | Noticed a great orb of eyes
  3027 | D        | Killed a wolf
  3027 | D        | Killed a wolf
  3038 | D        | Killed a vampire knight
  3048 | D        | Killed a great orb of eyes
  3053 | D        | Noticed a wyvern
  3054 | D        | Noticed a storm dragon
  3056 | D        | Noticed a fire elemental
  3062 | D        | Noticed a flayed ghost
  3090 | D        | Killed a storm dragon
  3136 | D        | Killed a wandering mushroom
  3175 | D        | Noticed a mottled dragon
  3176 | D        | Noticed a fire giant
  3177 | D        | Killed a mottled dragon
  3182 | D        | Noticed a wolf
  3184 | D        | HP: 2/51 [fire giant/great sword of flaming (27)]
  3184 | D        | Slain by a fire giant

Vault maps used:
D:        pitsprint

Action                   |  1- 3 |  4- 6 |  7- 9 | 10-12 || total
-------------------------+-------+-------+-------+-------++-------
Melee: Dagger            |    18 |    27 |     2 |       ||    47
       Rapier            |       |       |    28 |   107 ||   135
 Cast: Ensorcelled Hiber |     8 |     5 |     8 |    46 ||    67
       Dazzling Spray    |     1 |       |     9 |    35 ||    45
       Confuse           |       |     2 |       |     7 ||     9
       Tukima's Dance    |       |       |       |     3 ||     3
Invok: Shadow Step       |       |     1 |     4 |     9 ||    14
  Use: Potion            |       |       |     1 |     7 ||     8
       Scroll            |       |       |       |     5 ||     5
 Stab: Sleeping          |    11 |     9 |    13 |    34 ||    67
       Invisible         |     1 |       |     5 |     7 ||    13
       Confused          |       |     2 |       |     3 ||     5
       Distracted        |       |       |       |     1 ||     1
  Eat: Bread ration      |       |       |       |     1 ||     1
